[Event "Titled Tuesday Blitz December 06 Late 2022"]
[White "Baskakov, Egor"]
[Black "Winterberg, Lukas"]
[WhiteFideId "24197866"]
[BlackFideId "24622702"]
[WhiteElo "2805"]
[BlackElo "2501"]
[Result "1/2-1/2"]
[Round "08"]
[TimeControl "180+1"]
[Date "2022.12.07"]
[WhiteClock "0:00:27"]
[BlackClock "0:00:21"]

1. e4 e6 2. Nc3 d5 3. g3 Nf6 4. Bg2 c5 5. Nge2 Nc6 6. exd5 exd5 7. d4 cxd4 8. Nxd4 Bc5 9. Be3 Qe7 10. O-O O-O 11. Re1 Bg4 12. Qd2 Rfe8 13. Nb3 Bxe3 14. Rxe3 Qd7 15. Rxe8+ Rxe8 16. Nxd5 Nxd5 17. Qxd5 Qxd5 18. Bxd5 Re2 19. Bxc6 bxc6 20. Nd4 Rd2 21. Nxc6 Rxc2 22. Ne5 Be6 23. b3 h5 24. Nd3 g5 25. h4 f6 26. hxg5 fxg5 27. Rc1 Rxa2 28. Rc5 g4 29. Rxh5 Kf7 30. b4 Kf6 31. Rc5 Bf5 32. Ne5 Ke6 33. f3 gxf3 34. Nxf3 Bg4 35. Ng5+ Kd7 36. Ne4 Bf3 37. Nf6+ Ke6 38. Nh5 Bxh5 39. Rxh5 Rb2 40. Ra5 Rxb4 41. Rxa7 Kf6 42. Kg2 Kg6 43. Kh3 Rb8 44. Ra6+ Kg7 45. g4 Kg8 46. Kh4 Rc8 47. g5 Rb8 48. Kh5 Rc8 49. Ra7 Rb8 50. Kh6 Rc8 51. g6 Rb8 52. Rg7+ Kh8 53. Rc7 Kg8 54. Rc6 Ra8 55. Kg5 Rb8 56. Rc7 Ra8 57. Kh6 Rb8 58. Rg7+ Kh8 59. Rd7 Ra8 60. Rd6 Kg8 61. g7 Rb8 62. Rf6 Ra8 63. Rf8+ Rxf8 64. gxf8=Q+ Kxf8 1/2-1/2


[Site "https://www.chess.com"]

[Event "Titled Tuesday Blitz December 06 Late 2022"]
[White "Battlecruiser_Operational"]
[Black "Burke, Paul"]
[BlackFideId "2605767"]
[WhiteElo "2288"]
[BlackElo "1888"]
[Result "1-0"]
[Round "08"]
[TimeControl "180+1"]
[Date "2022.12.07"]
[WhiteClock "0:00:57"]
[BlackClock "0:00:37"]

1. d4 a6 2. c4 d6 3. Nc3 g6 4. Nf3 Nd7 5. e4 h6 6. Be2 Bg7 7. O-O e6 8. Be3 Ne7 9. Qd2 b6 10. b4 Bb7 11. a4 Nf6 12. d5 e5 13. Ne1 Nxe4 14. Nxe4 f5 15. Bd3 fxe4 16. Bxe4 Nf5 17. Nd3 Qh4 18. f3 O-O-O 19. Bf2 Qe7 20. a5 Nd4 21. Bxd4 exd4 22. b5 axb5 23. cxb5 Qf6 24. axb6 cxb6 25. Rfc1+ Kd7 26. Ra7 Rb8 27. Qc2 Qd8 28. Qc6+ 1-0


[Site "https://www.chess.com"]

[Event "Titled Tuesday Blitz December 06 Late 2022"]
[White "Bilan, Danila"]
[Black "Storey, Charles H"]
[WhiteFideId "24161918"]
[BlackFideId "406686"]
[WhiteElo "2182"]
[BlackElo "2251"]
[Result "0-1"]
[Round "08"]
[TimeControl "180+1"]
[Date "2022.12.07"]
[WhiteClock "0:00:05"]
[BlackClock "0:00:08"]

1. d4 g6 2. Nf3 Bg7 3. Bg5 h6 4. Bh4 c5 5. e3 Qb6 6. Nc3 cxd4 7. exd4 Nc6 8. Na4 Qa5+ 9. c3 d5 10. Nc5 e6 11. Be2 Nge7 12. O-O O-O 13. b4 Qc7 14. Bg3 Qd8 15. b5 Na5 16. Qa4 b6 17. Nb3 Nb7 18. Rfd1 Nf5 19. Be5 Nbd6 20. Bxg7 Kxg7 21. Ne5 Bd7 22. Qb4 Be8 23. a4 f6 24. Nf3 Qd7 25. a5 Rb8 26. axb6 axb6 27. Ra6 Nxb5 28. Rda1 Rf7 29. h3 Nfd6 30. Ne1 Qc8 31. Bxb5 Nxb5 32. Nd3 Qxc3 33. Qxc3 Nxc3 34. Nb4 Rc7 35. g4 g5 36. Nd3 h5 37. Nb4 hxg4 38. hxg4 Bb5 39. Ra7 Rbb7 40. Ra8 Bc4 41. Nd2 Be2 42. f3 Bb5 43. Kf2 Ne2 44. Rh1 Kg6 45. Rhh8 Nxd4 46. Rag8+ Rg7 47. Re8 Rbe7 48. Ra8 e5 49. Nf1 e4 50. Ng3 e3+ 51. Ke1 Nxf3+ 52. Kd1 e2+ 53. Nxe2 Bxe2+ 54. Kc2 d4 55. Nd5 d3+ 56. Kb3 Re5 57. Nxb6 Rb5+ 58. Kc3 Rxb6 59. Rh5 Rc6+ 60. Kb4 Ne5 61. Rah8 Kf7 62. Rb8 Rc7 63. Ra8 Rd7 64. Rhh8 d2 65. Rhf8+ Kg6 66. Rxf6+ Kxf6 67. Ra6+ Kf7 0-1


[Site "https://www.chess.com"]

[Event "Titled Tuesday Blitz December 06 Late 2022"]
[White "Bok, Benjamin"]
[Black "Lewicki, Miroslaw"]
[WhiteFideId "1017063"]
[BlackFideId "1113380"]
[WhiteElo "2658"]
[BlackElo "2191"]
[Result "1-0"]
[Round "08"]
[TimeControl "180+1"]
[Date "2022.12.06"]
[WhiteClock "0:00:46"]
[BlackClock "0:00:11"]

1. d4 b6 2. e4 Bb7 3. Bd3 Nf6 4. Qe2 g6 5. Nf3 Bg7 6. e5 Nd5 7. Be4 Qc8 8. O-O O-O 9. c4 Nb4 10. Nc3 d6 11. Bg5 N8c6 12. a3 Na6 13. b4 Nab8 14. b5 Na5 15. Bxe7 Re8 16. Bxb7 Qxb7 17. Nd5 Nd7 18. e6 Nf8 19. exf7+ Kxf7 20. Ng5+ Kg8 21. Qf3 c6 22. Qf7+ Kh8 23. Nf6 Ne6 24. Qg8+ Rxg8 25. Nf7# 1-0


[Site "https://www.chess.com"]

[Event "Titled Tuesday Blitz December 06 Late 2022"]
[White "Bryant, Todd"]
[Black "Marcolino, Daniel Mattos"]
[WhiteFideId "2031299"]
[BlackFideId "2106841"]
[WhiteElo "2322"]
[BlackElo "2163"]
[Result "1-0"]
[Round "08"]
[TimeControl "180+1"]
[Date "2022.12.07"]
[WhiteClock "0:00:04"]
[BlackClock "0:00:01"]

1. e4 c6 2. d4 d5 3. f3 Qb6 4. Nc3 e6 5. e5 c5 6. Nge2 Nc6 7. Na4 Qa5+ 8. c3 cxd4 9. b4 Qc7 10. a3 dxc3 11. Naxc3 Nxe5 12. Bf4 f6 13. Rc1 Qf7 14. Nb5 Rb8 15. Qd4 b6 16. Bxe5 fxe5 17. Qxe5 Qb7 18. Rc7 Qa6 19. Ned4 Bxb4+ 20. axb4 Qa1+ 21. Kf2 Qb2+ 22. Kg3 Nf6 23. Nd6+ Kf8 24. Rf7+ Kg8 25. Rxf6 gxf6 26. Qxf6 Rb7 27. Qd8+ Kg7 28. Qg5+ Kf8 29. Qf6+ Kg8 30. h4 Rg7+ 31. Kh3 Rd7 32. h5 1-0


[Site "https://www.chess.com"]

[Event "Titled Tuesday Blitz December 06 Late 2022"]
[White "Castellanos Gomez, Alejandro"]
[Black "Radovanovic, Dusan"]
[WhiteFideId "22284141"]
[BlackFideId "926868"]
[WhiteElo "2168"]
[BlackElo "2337"]
[Result "0-1"]
[Round "08"]
[TimeControl "180+1"]
[Date "2022.12.07"]
[WhiteClock "0:00:01"]
[BlackClock "0:00:09"]

1. d4 Nf6 2. Bf4 e6 3. e3 c5 4. Nd2 d5 5. c3 Nc6 6. Ngf3 Bd6 7. Bg3 O-O 8. Bd3 b6 9. Ne5 Bb7 10. O-O Ne7 11. Qb1 Ng6 12. Qd1 Ne4 13. Nxg6 hxg6 14. Bxd6 Nxd6 15. Qg4 Qe8 16. f4 Nf5 17. Rae1 Nd6 18. Rf3 f5 19. Qg5 Rf6 20. Rh3 Nf7 21. Qh4 Kf8 22. Qh7 g5 23. fxg5 Nxg5 24. Qh8+ Ke7 25. Qxg7+ Nf7 26. Nf3 Qg8 27. Rh7 Qxg7 28. Rxg7 Kf8 29. Rh7 Kg8 30. Rh3 Rg6 31. Bb5 Kg7 32. Kf2 a5 33. Rg3 Rxg3 34. Kxg3 Ba6 35. Bd7 Kf6 36. Ba4 Bd3 37. Kf2 c4 38. Rc1 b5 39. Bc2 Nd6 40. Nd2 Bxc2 41. Rxc2 b4 42. b3 bxc3 43. Rxc3 cxb3 44. axb3 Rb8 45. Rc6 Ke7 46. Ra6 Rb5 47. Ra7+ Kf6 48. Kf3 Ne4 49. Nxe4+ dxe4+ 50. Kf4 Rxb3 51. Rxa5 Rb2 52. Kg3 Rb3 53. Kf2 Rb2+ 54. Kf1 Rb1+ 55. Kf2 Rb2+ 56. Kg3 Rb3 57. Kf4 Rb2 58. Ra6 Rxg2 59. d5 Rf2+ 60. Kg3 Rf3+ 61. Kg2 Rxe3 62. Rxe6+ Kg5 63. d6 Kf4 64. Rg6 Rd3 65. h4 e3 66. h5 Rd2+ 67. Kf1 Kf3 68. Ke1 Ra2 69. Kd1 e2+ 70. Kc1 e1=Q# 0-1


[Site "https://www.chess.com"]

[Event "Titled Tuesday Blitz December 06 Late 2022"]
[White "Chigaev, Maksim"]
[Black "Martinez Alcantara, Jose Eduardo"]
[WhiteFideId "4108116"]
[BlackFideId "3805662"]
[WhiteElo "2542"]
[BlackElo "2707"]
[Result "1-0"]
[Round "08"]
[TimeControl "180+1"]
[Date "2022.12.06"]
[WhiteClock "0:00:43"]
[BlackClock "0:00:10"]

1. Nf3 c5 2. c4 Nc6 3. Nc3 g6 4. e3 Bg7 5. d4 d6 6. d5 Nb4 7. a3 Na6 8. e4 Nf6 9. h3 O-O 10. Bd3 e6 11. O-O Nc7 12. Bg5 h6 13. Be3 e5 14. b4 b6 15. Rb1 Nfe8 16. a4 cxb4 17. Rxb4 Na6 18. Rb1 Nc5 19. a5 Bd7 20. Bc2 Rb8 21. axb6 axb6 22. Nd2 f5 23. Bxc5 dxc5 24. Ba4 Nd6 25. Bxd7 Qxd7 26. Qa4 Qd8 27. Nb5 Qd7 28. Qc2 Nf7 29. Ra1 Rb7 30. Ra6 Ng5 31. Rfa1 fxe4 32. Nxe4 Nxe4 33. Qxe4 Rf4 34. Qxg6 Rf8 35. Ra8 Qe7 36. d6 Qf6 37. Rxf8+ Qxf8 38. Qe4 Rd7 39. Ra8 Rd8 40. Qd5+ Kh7 41. Rxd8 Qxd8 42. d7 1-0


[Site "https://www.chess.com"]

[Event "Titled Tuesday Blitz December 06 Late 2022"]
[White "Cuevas Araya, Walter"]
[Black "Van Foreest, Machteld"]
[WhiteFideId "3405028"]
[BlackFideId "1051563"]
[WhiteElo "1957"]
[BlackElo "2018"]
[Result "1-0"]
[Round "08"]
[TimeControl "180+1"]
[Date "2022.12.07"]
[WhiteClock "0:00:16"]
[BlackClock "0:00:03"]

1. d4 d5 2. Bf4 Nf6 3. c3 Bf5 4. e3 Nbd7 5. Bd3 Bg6 6. Nf3 e6 7. Ne5 Nxe5 8. Bxe5 Bd6 9. Bxd6 Qxd6 10. Bxg6 hxg6 11. h3 Ne4 12. Nd2 O-O-O 13. Nxe4 dxe4 14. Qa4 Kb8 15. c4 c5 16. O-O-O Qc7 17. Qb5 cxd4 18. Rxd4 Rxd4 19. exd4 Qf4+ 20. Kb1 Qxf2 21. Qe5+ Ka8 22. Qxe4 Rh4 23. g4 Rxh3 24. Rxh3 Qf1+ 25. Kc2 Qxh3 26. d5 Qh2+ 27. Kb3 exd5 28. cxd5 Qg3+ 29. Ka4 f5 30. Qe8+ Qb8 31. Qxg6 Qf4+ 32. b4 fxg4 33. Qxg7 a6 34. Qe7 g3 35. d6 g2 36. d7 b5+ 37. Ka5 Qc7+ 38. Kxa6 Qb7+ 39. Ka5 Qa7+ 40. Kxb5 Qb8+ 41. Ka4 g1=Q 42. d8=Q Qb6 43. Qxb8+ Kxb8 44. Qe8+ Ka7 45. Qd7+ Ka8 46. Qd5+ Ka7 47. Qa5+ Qa6 48. Qxa6+ Kxa6 1-0


[Site "https://www.chess.com"]

[Event "Titled Tuesday Blitz December 06 Late 2022"]
[White "D`Arruda, Ricardo D."]
[Black "Papp, Levente"]
[WhiteFideId "100692"]
[BlackFideId "751243"]
[WhiteElo "2468"]
[BlackElo "2380"]
[Result "0-1"]
[Round "08"]
[TimeControl "180+1"]
[Date "2022.12.07"]
[WhiteClock "0:00:01"]
[BlackClock "0:00:05"]

1. g3 e5 2. Bg2 d5 3. d3 Nc6 4. Nc3 Be6 5. e4 Bb4 6. exd5 Bxd5 7. Nf3 e4 8. dxe4 Bc4 9. Qxd8+ Rxd8 10. Bd2 Nf6 11. O-O-O O-O 12. h3 Bxc3 13. Bxc3 Nxe4 14. Rxd8 Rxd8 15. Be1 Bd5 16. Nd2 Nxd2 17. Bxd5 Rxd5 18. Bxd2 Nd4 19. Be3 Ne6 20. Rd1 Rxd1+ 21. Kxd1 a6 22. Ke2 f5 23. Kd3 Kf7 24. b4 b5 25. f4 Ke7 26. c4 c6 27. Kc3 h6 28. Kb3 g5 29. a4 gxf4 30. gxf4 Kf6 31. axb5 axb5 32. cxb5 cxb5 33. Kc3 Kg6 34. Bf2 Nxf4 35. Kd4 Nxh3 36. Be1 f4 37. Kc5 f3 38. Kxb5 f2 39. Bxf2 Nxf2 40. Kc6 h5 41. b5 h4 42. b6 h3 43. b7 h2 44. b8=Q h1=Q+ 45. Kc7 Qc1+ 46. Kb7 Qb2+ 47. Ka8 Qa3+ 48. Qa7 Qf8+ 49. Qb8 Qf3+ 50. Qb7 Ne4 51. Qc6+ Kf5 52. Qd5+ Kg4 53. Kb8 Qf4+ 54. Ka8 Kg3 55. Qd3+ Kf2 56. Qc2+ Nd2 57. Qc5+ Ke2 58. Qb5+ Kd1 59. Qa5 Qe4+ 60. Ka7 Kc2 61. Ka6 Nc4 62. Qa2+ Kc3 63. Qa1+ Nb2 64. Qa3+ Kc2 65. Qc5+ Nc4 66. Kb5 Kd3 0-1


[Site "https://www.chess.com"]

[Event "Titled Tuesday Blitz December 06 Late 2022"]
[White "Da Silva Junior, Sediney Mari"]
[Black "Stoleriu, George"]
[WhiteFideId "2132079"]
[BlackFideId "1227505"]
[WhiteElo "1996"]
[BlackElo "2287"]
[Result "0-1"]
[Round "08"]
[TimeControl "180+1"]
[Date "2022.12.06"]
[WhiteClock "0:02:19"]
[BlackClock "0:02:16"]

1. e4 d5 2. exd5 c6 3. dxc6 Nxc6 4. Nf3 e5 5. Bb5 Bd6 6. O-O Ne7 7. Nc3 O-O 8. h3 Bf5 9. Re1 Qb6 10. Bxc6 Nxc6 11. d3 Rfe8 12. Nd5 Qc5 13. Ne3 Be6 14. Ng5 Rad8 15. Qh5 h6 16. Nxe6 Rxe6 17. Bd2 Nd4 18. Bc3 Rde8 19. Bxd4 exd4 20. Qxc5 Bxc5 0-1


[Site "https://www.chess.com"]

[Event "Titled Tuesday Blitz December 06 Late 2022"]
[White "Danielyan, Vahe"]
[Black "Nasuta, Grzegorz"]
[WhiteFideId "13304828"]
[BlackFideId "1141686"]
[WhiteElo "2423"]
[BlackElo "2441"]
[Result "0-1"]
[Round "08"]
[TimeControl "180+1"]
[Date "2022.12.06"]
[WhiteClock "0:02:27"]
[BlackClock "0:00:38"]

1. Nf3 d5 2. c4 c6 3. e3 Nf6 4. b3 Bf5 5. Bb2 h6 6. Be2 e6 7. O-O Be7 8. d4 O-O 9. Nbd2 Nbd7 10. a3 a5 11. h3 Bh7 12. Re1 Qb8 13. Bc3 b5 14. c5 Ne4 15. Nxe4 Bxe4 16. Nd2 Bg6 17. f4 Nf6 18. g4 Ne4 19. Nxe4 Bxe4 20. Bd3 f5 21. Bxe4 fxe4 22. b4 g5 23. Bd2 gxf4 24. exf4 Bg5 25. Rf1 Bxf4 26. bxa5 Bxd2 27. Qxd2 Qg3+ 28. Qg2 Qxg2+ 29. Kxg2 Rxa5 30. Rxf8+ Kxf8 31. Kg3 Ra4 32. h4 Rxd4 33. Kf4 Ke7 34. g5 hxg5+ 35. Kxg5 Rd2 36. h5 Rg2+ 37. Kf4 Kf6 38. h6 e5+ 39. Ke3 Rg3+ 40. Kf2 Rh3 41. a4 bxa4 42. Rxa4 Rxh6 43. Ra6 Kf5 44. Rxc6 Rxc6 0-1


[Site "https://www.chess.com"]

[Event "Titled Tuesday Blitz December 06 Late 2022"]
[White "Dias, Joao Batista"]
[Black "Rian, Kapriaga"]
[WhiteFideId "2108240"]
[BlackFideId "7103263"]
[WhiteElo "1898"]
[BlackElo "2245"]
[Result "0-1"]
[Round "08"]
[TimeControl "180+1"]
[Date "2022.12.07"]
[WhiteClock "0:00:10"]
[BlackClock "0:00:27"]

1. e4 c6 2. d4 d5 3. Bd3 dxe4 4. Bxe4 Nf6 5. Bf3 Bf5 6. Ne2 e6 7. O-O Nbd7 8. c3 Bd6 9. Re1 O-O 10. Nd2 Qc7 11. Nf1 Rfd8 12. Nfg3 Bg6 13. Be3 c5 14. Qc1 cxd4 15. Bxd4 a6 16. Qg5 h6 17. Qh4 Rac8 18. Rad1 Bc5 19. Bxc5 Nxc5 20. Nd4 Nd3 21. Re2 Nf4 22. Red2 Rd7 23. Nde2 Nxe2+ 24. Bxe2 Rcd8 25. Rxd7 Rxd7 26. Rxd7 Qxd7 27. Qf4 Kh7 28. h3 Nd5 29. Qd4 Nf6 30. Qxd7 Nxd7 31. Bf3 b6 32. Kf1 Kg8 33. Ke2 Kf8 34. Ke3 Ke7 35. Ne4 Bxe4 36. Bxe4 Kd6 37. Bd3 a5 38. Be2 f5 39. f4 e5 40. fxe5+ Kxe5 41. Bb5 f4+ 42. Kf3 Nc5 43. g3 fxg3 44. Kxg3 Ne4+ 45. Kf3 g5 46. Bd3 Nc5 47. Bb5 Ne6 48. Kg4 Nf4 49. a3 Kf6 50. h4 h5+ 51. Kg3 Ne6 52. hxg5+ Kxg5 53. Bd7 h4+ 54. Kh2 Nf4 55. Bc6 Kf5 56. Bf3 Ke5 57. Bc6 Nd3 58. b4 Nf4 59. bxa5 bxa5 60. a4 Kd6 61. Bb5 Kc5 62. Ba6 Kb6 63. Bb5 Nd5 64. Kh3 Nxc3 65. Kxh4 Nxb5 66. axb5 a4 67. Kg3 a3 68. Kf2 a2 69. Ke2 a1=Q 0-1


[Site "https://www.chess.com"]

[Event "Titled Tuesday Blitz December 06 Late 2022"]
[White "Dzierzak, Radoslaw"]
[Black "Savic, Miroslav"]
[WhiteFideId "1161407"]
[BlackFideId "14508494"]
[WhiteElo "2111"]
[BlackElo "2209"]
[Result "1-0"]
[Round "08"]
[TimeControl "180+1"]
[Date "2022.12.07"]
[WhiteClock "0:00:25"]
[BlackClock "0:00:05"]

1. e4 c5 2. Nf3 d6 3. d4 cxd4 4. Nxd4 Nf6 5. Nc3 a6 6. g3 e5 7. Nde2 Bg4 8. Bg2 Be7 9. h3 Be6 10. O-O O-O 11. Be3 b5 12. g4 Nbd7 13. Ng3 b4 14. Nd5 Bxd5 15. exd5 Re8 16. g5 Nxd5 17. Bxd5 Rc8 18. Qf3 Rf8 19. Rac1 Bxg5 20. Bxg5 Qxg5 21. Qf5 Qe7 22. Ne4 Nb6 23. Bb3 d5 24. Ng5 g6 25. Qg4 Kg7 26. Qh4 h6 27. Nf3 g5 28. Qg3 Rce8 29. Rfe1 e4 30. h4 f6 31. Nd4 f5 32. hxg5 hxg5 33. f4 g4 34. Kg2 Qf6 35. c3 bxc3 36. bxc3 Rh8 37. Rh1 e3 38. Rxh8 Rxh8 39. Rh1 Rxh1 40. Kxh1 Qh6+ 41. Kg1 Nc4 42. Bxc4 dxc4 43. Nxf5+ Kf6 44. Nxh6 Kg6 45. Qxe3 Kxh6 46. Qe6+ Kh5 47. Qf5+ Kh4 48. Kg2 a5 49. Qg5# 1-0


[Site "https://www.chess.com"]

[Event "Titled Tuesday Blitz December 06 Late 2022"]
[White "Eljanov, Pavel"]
[Black "Bazeev, German"]
[WhiteFideId "14102951"]
[BlackFideId "24119350"]
[WhiteElo "2598"]
[BlackElo "2501"]
[Result "0-1"]
[Round "08"]
[TimeControl "180+1"]
[Date "2022.12.06"]
[WhiteClock "0:00:02"]
[BlackClock "0:00:12"]

1. e4 c5 2. Nf3 Nf6 3. e5 Nd5 4. Nc3 Nxc3 5. dxc3 e6 6. Bf4 Qb6 7. b3 Qc7 8. Qd2 Nc6 9. O-O-O h6 10. h4 a6 11. Qe3 b5 12. Nd2 c4 13. Kb1 Bb7 14. Be2 Ne7 15. Bf3 Rc8 16. Bxb7 Qxb7 17. Ne4 Nd5 18. Qg3 b4 19. cxb4 Nxb4 20. Qf3 Qc7 21. Rd2 Qa5 22. a4 Nd5 23. Rhd1 cxb3 24. cxb3 Be7 25. Rxd5 exd5 26. Rxd5 Qc7 27. Qd3 Qc6 28. Nd6+ Bxd6 29. Rxd6 Qxg2 30. Rxd7 O-O 31. e6 Qg1+ 32. Ka2 Qxf2+ 33. Bd2 fxe6 34. Ka3 Rf7 0-1


[Site "https://www.chess.com"]

[Event "Titled Tuesday Blitz December 06 Late 2022"]
[White "Erdogmus, Yagiz Kaan"]
[Black "Kavutskiy, Konstantin"]
[WhiteFideId "44599790"]
[BlackFideId "2026384"]
[WhiteElo "2789"]
[BlackElo "2546"]
[Result "1-0"]
[Round "08"]
[TimeControl "180+1"]
[Date "2022.12.07"]
[WhiteClock "0:01:17"]
[BlackClock "0:00:28"]

1. d4 Nf6 2. c4 g6 3. Nc3 Bg7 4. e4 d6 5. Be2 O-O 6. Be3 Na6 7. f3 c6 8. Qd2 Nc7 9. Bh6 a6 10. g4 e5 11. d5 Nxe4 12. Nxe4 Qh4+ 13. Kf1 Qxh6 14. g5 Bh3+ 15. Nxh3 Qxh3+ 16. Kf2 cxd5 17. cxd5 Rad8 18. Rac1 Qh4+ 19. Kg2 Ne8 20. Qa5 Rd7 21. Rc4 Qh5 22. h4 b5 23. Rc8 1-0


[Site "https://www.chess.com"]

[Event "Titled Tuesday Blitz December 06 Late 2022"]
[White "Erzhanov, Arman"]
[Black "Gatterer, Florian"]
[WhiteFideId "4138821"]
[BlackFideId "811688"]
[WhiteElo "2176"]
[BlackElo "2218"]
[Result "1/2-1/2"]
[Round "08"]
[TimeControl "180+1"]
[Date "2022.12.07"]
[WhiteClock "0:00:29"]
[BlackClock "0:01:23"]

1. e4 c6 2. Ne2 d5 3. e5 d4 4. c3 c5 5. f4 Nc6 6. d3 Bg4 7. c4 e6 8. Nd2 Nge7 9. g3 Nf5 10. Ne4 Bf3 11. Rg1 Bxe4 12. dxe4 Ne3 13. Bxe3 dxe3 14. Qxd8+ Rxd8 15. Rc1 Nd4 16. Bg2 Be7 17. Rc3 O-O 18. Nc1 b6 19. Kf1 g5 20. Rxe3 gxf4 21. gxf4 Kh8 22. Bf3 Nc2 23. Rd3 Bh4 24. Rg4 Rxd3 25. Nxd3 Rd8 1/2-1/2


[Site "https://www.chess.com"]

[Event "Titled Tuesday Blitz December 06 Late 2022"]
[White "Fernandez De La Vara, Arnaldo"]
[Black "Korkmaz, Necmettin"]
[WhiteFideId "3518388"]
[BlackFideId "6303285"]
[WhiteElo "2387"]
[BlackElo "2094"]
[Result "1-0"]
[Round "08"]
[TimeControl "180+1"]
[Date "2022.12.07"]
[WhiteClock "0:00:06"]
[BlackClock "0:00:25"]

1. Nf3 d5 2. c4 c6 3. b3 Nf6 4. Bb2 Bf5 5. g3 e6 6. Bg2 h6 7. O-O Nbd7 8. d4 Bd6 9. Nc3 Ne4 10. Nxe4 Bxe4 11. Nd2 Bxg2 12. Kxg2 O-O 13. e4 dxc4 14. Nxc4 Bc7 15. Qe2 c5 16. Rac1 cxd4 17. Bxd4 e5 18. Bb2 Qe7 19. Ba3 Nc5 20. Nxe5 Bxe5 21. Bxc5 Bd6 22. Bxd6 Qxd6 23. Rfd1 Qb6 24. Rd7 Rad8 25. Rcc7 Rxd7 26. Rxd7 Qc6 27. Qd3 Re8 28. Qd5 Qg6 29. f3 Re6 30. Qxb7 h5 31. h4 Rc6 32. Rd2 Qh6 33. Qd7 Rg6 34. Qc8+ Kh7 35. Rd8 Rf6 36. Rh8+ Kg6 37. Rxh6+ Kxh6 38. Qb7 Kg6 39. Qd5 Kh6 40. Qg5+ Kh7 41. Qxf6 Kh8 42. Qxf7 g5 43. e5 g4 44. e6 gxf3+ 45. Kf1 a5 46. e7 a4 47. e8=R# 1-0


[Site "https://www.chess.com"]

[Event "Titled Tuesday Blitz December 06 Late 2022"]
[White "Gallo Garcia, Kemel Antonio"]
[Black "Jobava, Baadur"]
[WhiteFideId "3523896"]
[BlackFideId "13601520"]
[WhiteElo "2359"]
[BlackElo "2582"]
[Result "0-1"]
[Round "08"]
[TimeControl "180+1"]
[Date "2022.12.06"]
[WhiteClock "0:01:40"]
[BlackClock "0:02:39"]

1. c4 e5 2. g3 c6 3. d4 d6 4. Bg2 Be7 5. Nf3 e4 6. Nfd2 f5 7. g4 Nf6 8. gxf5 Bxf5 9. Nc3 d5 10. Nf1 Be6 11. cxd5 cxd5 12. Qb3 Nc6 13. Be3 O-O 14. Ng3 Na5 15. Qd1 Nc4 16. Bc1 Ng4 17. O-O Bd6 18. b3 Qh4 19. h3 Nxf2 20. Rxf2 Qxg3 21. Rxf8+ Rxf8 0-1


[Site "https://www.chess.com"]

[Event "Titled Tuesday Blitz December 06 Late 2022"]
[White "Gasparyan, David"]
[Black "Estrada Nieto, Julian"]
[WhiteFideId "13311980"]
[BlackFideId "5101018"]
[WhiteElo "2392"]
[BlackElo "2195"]
[Result "0-1"]
[Round "08"]
[TimeControl "180+1"]
[Date "2022.12.07"]
[WhiteClock "0:00:01"]
[BlackClock "0:00:35"]

1. e4 e5 2. Nf3 Nc6 3. Bb5 a6 4. Ba4 Nf6 5. O-O Be7 6. d4 exd4 7. e5 Ne4 8. Bf4 Nc5 9. Bxc6 dxc6 10. Nxd4 Ne6 11. Be3 Nxd4 12. Bxd4 O-O 13. Nc3 Bf5 14. Be3 Qxd1 15. Raxd1 Rfd8 16. Rc1 Bb4 17. Ne2 Bd2 18. Bxd2 Rxd2 19. Ng3 Bxc2 20. h4 Rad8 21. Rfe1 h6 22. Nf1 Rd1 23. Rexd1 Bxd1 24. Ne3 Be2 25. Rc2 Bd3 26. Rd2 Rd7 27. e6 fxe6 28. Nc4 Rd5 29. Ne3 Rd4 30. Nc2 Rc4 31. Ne3 Rc1+ 32. Kh2 Be4 33. Rd7 Bd5 34. Rxc7 b5 35. b3 Ra1 36. Nxd5 cxd5 37. Rc6 Rxa2 38. Rxe6 Rxf2 39. Rxa6 Rb2 40. Rd6 Rxb3 41. Rxd5 b4 42. Rb5 Kf7 43. h5 Rb1 44. Rb6 b3 45. Kg3 Ke7 46. Kh2 Kd7 47. Rb7+ Kc6 48. Rxg7 b2 49. Rg6+ Kc5 50. Rxh6 Rc1 51. Rh8 b1=Q 52. Rc8+ Kd5 53. Rd8+ Ke5 54. Rf8 Rh1+ 55. Kg3 Qe1+ 56. Rf2 Rf1 57. h6 Qxf2+ 58. Kh3 Rh1+ 59. Kg4 Qf4# 0-1


[Site "https://www.chess.com"]

[Event "Titled Tuesday Blitz December 06 Late 2022"]
[White "Goroshkov, Maksym"]
[Black "Shapiro, Daniel"]
[WhiteFideId "14142716"]
[BlackFideId "2001780"]
[WhiteElo "2258"]
[BlackElo "2342"]
[Result "1-0"]
[Round "08"]
[TimeControl "180+1"]
[Date "2022.12.07"]
[WhiteClock "0:01:52"]
[BlackClock "0:00:01"]

1. e4 e5 2. d4 exd4 3. c3 d3 4. Bxd3 d6 5. Bc4 Nf6 6. e5 d5 7. exf6 dxc4 8. Qxd8+ Kxd8 9. Bg5 g6 10. Na3 Be6 11. O-O-O+ Nd7 12. Nb5 a6 13. Nd4 Bd5 14. Ngf3 h6 15. Bf4 Nxf6 16. Be5 Bg7 17. Nf5 gxf5 18. Bxf6+ Bxf6 19. Rxd5+ Ke7 20. Re1+ Kf8 21. Rxf5 Kg7 22. Re4 Rhe8 23. Rg4+ Bg5+ 24. Nxg5 hxg5 25. Rfxg5+ Kf6 26. h4 Re2 27. Rf4+ Ke7 28. Rgf5 Rf8 29. Rxc4 c6 30. Rd4 Rg8 31. g3 Rg6 32. Rd2 1-0


[Site "https://www.chess.com"]

[Event "Titled Tuesday Blitz December 06 Late 2022"]
[White "Gutkin, Ilya"]
[Black "Moral Garcia, Serafin"]
[WhiteFideId "16203470"]
[BlackFideId "2201925"]
[WhiteElo "2265"]
[BlackElo "2259"]
[Result "1-0"]
[Round "08"]
[TimeControl "180+1"]
[Date "2022.12.07"]
[WhiteClock "0:01:46"]
[BlackClock "0:02:36"]

1. Nf3 Nf6 2. g3 g6 3. b3 Bg7 4. Bb2 O-O 5. Bg2 c5 6. c4 Nc6 7. O-O d6 8. d4 Ne4 9. Nbd2 Nxd2 10. Qxd2 Bg4 11. e3 Qd7 12. d5 Bxf3 13. Bxf3 Bxb2 14. dxc6 1-0


[Site "https://www.chess.com"]

[Event "Titled Tuesday Blitz December 06 Late 2022"]
[White "Guzman Moneo, Alberto"]
[Black "Ismayil, Malak"]
[WhiteFideId "2209616"]
[BlackFideId "13412604"]
[WhiteElo "2157"]
[BlackElo "1880"]
[Result "1/2-1/2"]
[Round "08"]
[TimeControl "180+1"]
[Date "2022.12.07"]
[WhiteClock "0:00:15"]
[BlackClock "0:00:21"]

1. c4 e5 2. Nc3 Nf6 3. g3 d5 4. cxd5 Nxd5 5. Bg2 Nxc3 6. bxc3 Bc5 7. Nf3 Nc6 8. O-O O-O 9. d3 Bg4 10. h3 Bh5 11. Rb1 Bb6 12. c4 Re8 13. Ba3 Qd7 14. c5 Ba5 15. Rxb7 Bxf3 16. Bxf3 Nd4 17. Bg2 Reb8 18. e3 Ne6 19. Qb3 Rxb7 20. Qxb7 Rd8 21. Qxa7 Bc3 22. Be4 g6 23. c6 Qc8 24. Qb7 Qa8 25. Be7 Re8 26. Qxa8 Rxa8 27. Rc1 Ba5 28. Bf6 Bb6 29. Bxe5 Rxa2 30. d4 Ra5 31. Rb1 Kf8 32. d5 Nc5 33. Rxb6 cxb6 34. c7 Ra8 35. Bd6+ Ke8 36. Bxc5 bxc5 37. d6 Ra1+ 38. Kg2 Kd7 39. Bc6+ Kc8 40. Bd5 Rd1 41. e4 c4 42. Bxc4 Rxd6 43. Bxf7 Kxc7 44. e5 Rd2 45. e6 Kd6 46. Kf3 Ke7 47. Ke3 Ra2 48. f4 Ra3+ 49. Kf2 Kf6 50. g4 h6 51. Kg2 Rb3 52. h4 Rc3 53. g5+ hxg5 54. hxg5+ Ke7 55. Kf2 Ra3 56. Ke2 Rh3 57. Kf2 Ra3 58. Bxg6 Kxe6 59. f5+ Ke7 60. f6+ Ke6 61. Bh7 Ra5 62. Bg8+ Kf5 63. f7 Ra8 64. Ke3 Kxg5 65. Ke4 Kf6 66. Kd5 Kg7 67. Kd6 Kf8 68. Kc7 Ra1 69. Kc6 Rd1 70. Kc5 Rd8 71. Kc4 Rd1 72. Kc3 Rd8 73. Kc2 Rd7 74. Kc3 Rd6 75. Kc4 Rd7 76. Kc5 Rd8 77. Kc6 Rd1 78. Kc5 Rf1 79. Kc4 Rf2 80. Kd3 Rf6 81. Ke4 Rh6 82. Kf5 Ra6 83. Ke5 Ra3 84. Kd5 Rh3 85. Ke5 Rh5+ 86. Kf6 Rh4 87. Kg6 Ra4 88. Kg5 Ra6 89. Kf5 Ra5+ 90. Ke6 Ra6+ 91. Kf5 Ra5+ 92. Ke6 Ra6+ 93. Kf5 1/2-1/2


[Site "https://www.chess.com"]